 Dungeon Crawl Stone Soup version 0.28.0-45-g0d030f2227 (webtiles) character file.

Game seed: 16373932865714567546

9814 protoss039 the Fighter (level 11, 0/133 HPs)
             Began as a Demonspawn Conjurer on May 14, 2022.
             Was an Initiate of Vehumet.
             Killed from afar by a gargoyle (13 damage)
             ... with a stone arrow
             ... on level 11 of the Dungeon.
             The game lasted 00:26:46 (14849 turns).

protoss039 the Fighter (Demonspawn Conjurer)       Turns: 14849, Time: 00:26:46

Health: 0/133      AC: 29    Str:  7    XL:     11   Next: 28%
Magic:  22/24      EV:  2    Int: 27    God:    Vehumet [......]
Gold:   660        SH: 10    Dex: 13    Spells: 14/28 levels left

rFire   . . .      SeeInvis +   b - +2 flail (vorpal)
rCold   + . .      Faith    .   c - +0 buckler
rNeg    . . .      Spirit   .   (armour currently unavailable)
rPois   +          Reflect  .   (helmet currently unavailable)
rElec   +          Harm     .   (cloak currently unavailable)
rCorr   .          Rampage  .   (gloves currently unavailable)
Will    .....      NoTele   +   (boots unavailable)
Stlth   ++........              (no amulet)
HPRegen 0.32/turn               m - ring of protection from cold
MPRegen 0.19/turn               G - ring of Suineq {rElec AC+4 SInv}

@: tree-form
A: stationary, stasis, torment immunity, boosted hp, (hooves 3), foul stench 2,
big brain 2, condensation shield
a: Renounce Religion


You were on level 11 of the Dungeon.
You worshipped Vehumet.
Vehumet was noncommittal.
You were a tree.
You visited 1 branch of the dungeon, and saw 11 of its levels.

You collected 660 gold pieces.

Inventory:

Hand Weapons
 a - a +0 spear of venom
 b - a +2 vorpal flail (weapon)
Missiles
 h - 2 throwing nets
Armour
 c - a +0 buckler (worn)
 d - a +1 cloak (melded)
 t - a +0 helmet (melded)
 D - a +2 ring mail of willpower
 L - a +2 leather armour of willpower (melded)
Magical Staves
 i - a staff of air
Jewellery
 m - a ring of protection from cold (left branch)
 o - a ring of protection from fire
 G - the ring of Suineq (right branch) {rElec AC+4 SInv}
   (You found it on level 9 of the Dungeon)

   [ring of protection]

   AC:        It affects your AC (+4).
   rElec:     It insulates you from electricity.
   SInv:      It lets you see invisible.
Wands
 p - a wand of acid (8)
 s - a wand of flame (14)
 y - a wand of polymorph (21)
 A - a wand of iceblast (12)
 J - a wand of paralysis (3)
 K - a wand of digging (7)
Scrolls
 e - a scroll of identify
 f - 2 scrolls of summoning
 g - 2 scrolls of enchant weapon
 l - a scroll of fog {unknown}
 v - 3 scrolls of teleportation
 w - 2 scrolls of enchant armour
 B - 2 scrolls of noise {unknown}
 F - a scroll of fear {unknown}
 H - 3 scrolls of amnesia
Potions
 j - a potion of brilliance {unknown}
 k - a potion of flight {unknown}
 n - 3 potions of mutation {unknown}
 q - a potion of degeneration {unknown}
 r - 3 potions of lignification
 x - a potion of berserk rage {unknown}
 z - 2 potions of might {unknown}
 C - a potion of invisibility {unknown}
 E - a potion of haste {unknown}


   Skills:
 * Level 9.4 Fighting
 + Level 4.7 Armour
 - Level 1.7 Dodging
 - Level 1.7 Stealth
 + Level 7.1 Shields
 * Level 9.1 Spellcasting
 + Level 8.0 Conjurations


You had 14 spell levels left.
You knew the following spells:

 Your Spells              Type           Power      Damage    Failure   Level
a - Magic Dart            Conj           100%       1d8       1%          1
b - Searing Ray           Conj           100%       2d8       1%          2
c - Dazzling Flash        Conj/Hex       68%        N/A       3%          3
g - Mephitic Cloud        Conj/Pois/Air  26%        N/A       6%          3
h - Freezing Cloud        Conj/Ice/Air   13%        6-21      47%         5

Your spell library contained the following spells:

 Spells                   Type           Power      Damage    Failure   Level
 Static Discharge         Conj/Air       34%        N/A       1%          2
 Animate Skeleton         Necr           24%        N/A       6%          1
 Pain                     Necr           48%        1d6       6%          1
 Fulminant Prism          Conj/Hex       17%        3d11      11%         4
 Iskenderun's Mystic Bla  Conj/Tloc      34%        2d8       11%         4
 Gell's Gravitas          Tloc           12%        N/A       17%         3
 Ignite Poison            Fire/Tmut/Pois 12%        N/A       17%         3
 Teleport Other           Tloc           12%        N/A       17%         3
 Vampiric Draining        Necr           12%        2d6       17%         3
 Lightning Bolt           Conj/Air       17%        1d31      30%         5
 Dispersal                Tloc           6%         N/A       100%        6
 Maxwell's Capacitive Co  Air            6%         ∞         100%        8


Dungeon Overview and Level Annotations

Branches:
Dungeon (11/15)            Temple (0/1) D:5             Orc (0/2) D:9
   Lair: D:8-11

Altars:
Elyvilon
Gozag
Vehumet

Shops:
D:7 **

Annotations:
D:2 Sigmund
D:4 2 transporters, PanSaczeczos's ghost, amateur KoAr


Innate Abilities, Weirdness & Mutations

You are a tree.
Your roots penetrate the ground, keeping you stationary.
You cannot be teleported.
You are immune to unholy pain and torment.
Your maximum health is greatly increased.
Your equipment is partially melded.
((You have hooves in place of feet.))
You sometimes emit foul miasma when damaged in melee.
You have an extremely huge brain. (Int +4)
A meltable shield of frost defends you. (SH +4)


Message History

The gargoyle is severely damaged.
The gargoyle hurls a stone arrow at you.
The stone arrow hits you!
* * * LOW HITPOINT WARNING * * *
The gargoyle hurls a stone arrow at you.
The stone arrow hits you but does no damage.
Unknown command.
You feel better. The gargoyle hits you with a +0 flail!
* * * LOW HITPOINT WARNING * * *
You feel better.
The gargoyle hurls a stone arrow at you.
You block the stone arrow.
You feel better.
The gargoyle hurls a stone arrow at you.
The stone arrow hits you.
* * * LOW HITPOINT WARNING * * *
You feel better.
The gargoyle hurls a stone arrow at you.
The stone arrow hits you but does no damage.
Unknown command.
You barely miss the gargoyle.
The gargoyle is severely damaged.
The gargoyle hits you but does no damage.
Unknown command.
You completely miss the gargoyle.
The gargoyle is severely damaged.
You block the gargoyle's attack.
Unknown command.
You hit the gargoyle.
The gargoyle is severely damaged.
The gargoyle hurls a stone arrow at you.
The stone arrow hits you!
* * * LOW HITPOINT WARNING * * *
The gargoyle hurls a stone arrow at you.
You block the stone arrow.
You hit the gargoyle.
The gargoyle is almost destroyed.
The gargoyle hurls a stone arrow at you.
The stone arrow hits you!
You die...

#.........#
#.......^.# ####
#.........# #⌠.⌠#
####.).......#
#..<.
#.....).)....#
##....
#....#########
##...# #....#
#⌠.⌠# #....# ##9#
#....#
#########♣.#
#....#
#.....(...##
#....###......####
....[.........#
.........######
.........#
......)..#
##.......#
#...<...#


You could see a gargoyle.

Vanquished Creatures
  2 two-headed ogres
  An unseen horror (D:7)
  A hornet (D:9)
  A troll (D:9)
  18 yaks
  A steam dragon (D:8)
  Edmund (D:3)
  2 water moccasins
  A hornet zombie (D:6)
  3 sky beasts
  2 ice beasts
  An orc warrior (D:8)
  2 necrophages
  6 ogres
  6 centaurs
  3 phantoms (D:9)
  5 bullfrogs (D:6)
  A kobold brigand (D:10)
  3 gnoll sergeants
  2 scorpions (D:5)
  A wyvern skeleton (D:6)
  2 water moccasin zombies
  2 troll zombies (D:9)
  7 killer bees (D:8)
  8 wights (D:7)
  4 howler monkeys
  2 electric eels (D:3)
  2 centaur zombies
  2 hounds
  6 jellies
  A bullfrog skeleton (D:5)
  An orc priest (D:10)
  A gnoll shaman (D:7)
  An iguana (D:5)
  Ijyb (D:3)
  Terence (D:3)
  6 orc wizards
  Natasha (thrice) (D:2)
  6 ogre zombies (D:9)
  14 gnolls
  A howler monkey zombie (D:5)
  A howler monkey skeleton (D:6)
  7 adders
  A white imp (D:6)
  2 ufetubi
  An adder skeleton (D:4)
  3 worms
  2 dart slugs
  15 orcs
  7 ball pythons
  5 endoplasms
  3 giant cockroaches
  4 goblins
  2 hobgoblins
  9 kobolds
  3 quokkas
  3 bats
  6 frilled lizards
  A goblin skeleton (D:9)
  2 goblin zombies (D:9)
  2 hobgoblin skeletons (D:9)
  2 hobgoblin zombies (D:9)
  2 orc skeletons (D:9)
  15 orc zombies (D:9)
  4 rats
236 creatures vanquished.

Vanquished Creatures (others)
  15 fungi (D:11)
  15 plants
  3 withered plants (D:3)
33 creatures vanquished.

Grand Total: 269 creatures vanquished

Notes
Turn   | Place    | Note
-------+----------+-------------------------------------------
     0 | D:1      | protoss039 the Demonspawn Conjurer began the quest for the
                  | Orb.
     0 | D:1      | Reached XP level 1. HP: 13/13 MP: 3/3
   220 | D:1      | Gained mutation: You may rarely emit foul miasma when
                  | damaged in melee. [demonic ancestry]
   220 | D:1      | Reached XP level 2. HP: 15/19 MP: 0/5
   271 | D:1      | Learned a level 2 spell: Searing Ray
   853 | D:2      | Noticed Natasha
   860 | D:2      | Killed Natasha
   861 | D:2      | Gained mutation: You have large cloven feet. [demonic
                  | ancestry]
   861 | D:2      | Reached XP level 3. HP: 25/25 MP: 1/7
   910 | D:2      | Noticed Natasha
   916 | D:2      | Killed Natasha
   917 | D:2      | Reached skill level 1 in Fighting
   917 | D:2      | Gained mutation: You have an unusually large brain. (Int
                  | +2) [demonic ancestry]
   917 | D:2      | Reached XP level 4. HP: 32/32 MP: 1/8
  1046 | D:2      | Reached skill level 1 in Shields
  1149 | D:2      | Noticed Natasha
  1157 | D:2      | Killed Natasha
  1543 | D:2      | Noticed Sigmund
  2097 | D:3      | Noticed Ijyb
  2102 | D:3      | Killed Ijyb
  2103 | D:3      | Reached skill level 1 in Armour
  2103 | D:3      | Gained mutation: You sometimes emit foul miasma when
                  | damaged in melee. [demonic ancestry]
  2103 | D:3      | Reached XP level 5. HP: 38/38 MP: 1/9
  2320 | D:3      | Found a transporter.
  2448 | D:3      | Found a transporter.
  2488 | D:3      | Noticed Terence
  2497 | D:3      | Killed Terence
  2885 | D:3      | Found a faded altar of an unknown god.
  3263 | D:3      | Gained mutation: You have hoof-like feet. [demonic
                  | ancestry]
  3263 | D:3      | Reached XP level 6. HP: 40/46 MP: 6/11
  3580 | D:4      | Noticed Edmund
  3586 | D:4      | Reached skill level 5 in Conjurations
  3586 | D:4      | Gained mutation: You have hooves in place of feet. [demonic
                  | ancestry]
  3586 | D:4      | Reached XP level 7. HP: 52/52 MP: 2/13
  3660 | D:3      | Killed Edmund
  3931 | D:4      | Noticed PanSaczeczos's ghost (amateur KoAr)
  3937 | D:4      | Found a transporter.
  4193 | D:4      | Found a transporter.
  4740 | D:5      | Entered Level 5 of the Dungeon
  4745 | D:5      | Learned a level 3 spell: Dazzling Flash
  4894 | D:5      | Reached XP level 8. HP: 60/60 MP: 3/15
  5436 | D:5      | Reached skill level 5 in Spellcasting
  5495 | D:5      | You fall into a shaft and drop 2 floors!
  5627 | D:7      | Killed an unseen horror
  5628 | D:7      | Reached skill level 5 in Fighting
  6133 | D:7      | Reached skill level 5 in Shields
  6134 | D:7      | HP: 3/61 [wight/+0 scimitar (2)]
  6136 | D:7      | Reached XP level 9. HP: 4/67 MP: 4/18
  6538 | D:7      | Found Jonyokop's Specific Store.
  6540 | D:7      | Found Iphergh's General Store.
  7159 | D:6      | Found an opulent altar of Gozag.
  8625 | D:6      | Learned a level 3 spell: Mephitic Cloud
  8928 | D:5      | Found a staircase to the Ecumenical Temple.
  9108 | D:8      | Noticed a two-headed ogre
  9124 | D:8      | Killed a two-headed ogre
  9125 | D:8      | Gained mutation: A meltable shield of frost defends you.
                  | (SH +4) [demonic ancestry]
  9125 | D:8      | Reached XP level 10. HP: 34/80 MP: 1/21
 12019 | D:9      | Identified the ring of Suineq {rElec AC+4 SInv}
 12268 | D:9      | Found a staircase to the Orcish Mines.
 12425 | D:9      | Gained mutation: You have an extremely huge brain. (Int +4)
                  | [demonic ancestry]
 12425 | D:9      | Reached XP level 11. HP: 70/87 MP: 23/23
 13247 | D:10     | Entered Level 10 of the Dungeon
 13384 | D:10     | Noticed a two-headed ogre
 13399 | D:10     | Killed a two-headed ogre
 14395 | D:10     | Found a radiant altar of Vehumet.
 14644 | D:10     | Became a worshipper of Vehumet
 14652 | D:10     | Learned a level 5 spell: Freezing Cloud
 14841 | D:11     | HP: 4/133 [gargoyle/stone arrow (8)]
 14849 | D:11     | Killed from afar by a gargoyle

Illustrated notes

Levels and vault maps discovered:
D:1:      dpeg_arrival_boxes_within_box, layout_rooms
D:2:      layout_loops_ring, serial_glass, glass_columns_a, glass_columns_a,
          serial_shops, nicolae_square_shop, uniq_crazy_yiuf_cottage,
          uniq_sigmund, uniq_natasha
D:3:      gammafunk_steamed_eel, layout_loops_ring,
          ebering_ecumenical_altar_petrified, minmay_misc_feat_room,
          uniq_terence, uniq_ijyb
D:4:      layout_loops_ring, gammafunk_ghost_stat_death, uniq_edmund
D:5:      layout_basic, minmay_temple_entry_gardened_gates
D:6:      minmay_octagon_keep, layout_loops_ring,
          nicolae_gozag_cash_rules_everything_around_me
D:7:      layout_rooms, minivault_5, minivault_25,
          minmay_misc_feat_secret_circle, serial_park_tiny_2,
          minmay_misc_feat_square, nicolae_specific_store
D:8:      layout_basic
D:9:      layout_roguey, zombieorc2_lemuel, minmay_holes,
          kennysheep_generic_room_7
D:10:     layout_loops_ring, gammafunk_temple_overflow_pools
D:11:     layout_basic, grunt_lair_entry_orc_guard_hut, grunt_ministairs_8

Skill      XL: |  1  2  3  4  5  6  7  8  9 10 11 |
---------------+----------------------------------+-----
Fighting       | 1 2 3 4 5 7 8 9 |  9.4
Shields        | 1 2 3 5 6 7 |  7.1
Spellcasting   | 3 4 6 7 8 9 |  9.1
Armour         | 1 2 3 4 |  4.7
Conjurations   | 5 7 8 |  8.0
Dodging        | |  1.7
Stealth        | |  1.7

Action                   |  1- 3 |  4- 6 |  7- 9 | 10-12 || total
-------------------------+-------+-------+-------+-------++-------
Melee: Unarmed           |     4 |       |       |       ||     4
       Dagger            |    23 |       |       |       ||    23
       Punch             |     2 |       |       |       ||     2
       Short sword       |       |    26 |       |       ||    26
       Kick              |       |     6 |    13 |    76 ||    95
       Flail             |       |       |    37 |   146 ||   183
       Staff             |       |       |     7 |       ||     7
       Spear             |       |       |       |    56 ||    56
 Cast: Magic Dart        |    28 |    44 |    27 |    10 ||   109
       Searing Ray       |       |    22 |    63 |    43 ||   128
       Dazzling Flash    |       |       |     2 |    12 ||    14
       Mephitic Cloud    |       |       |     1 |     8 ||     9
  Use: Scroll            |       |       |     1 |     6 ||     7
       Potion            |       |       |     1 |     5 ||     6
 Stab: Sleeping          |     2 |     2 |     3 |     2 ||     9
       Invisible         |       |       |       |     4 ||     4
       Confused          |       |       |       |     2 ||     2
Armor: Robe              |     5 |     8 |    37 |    75 ||   125
       Ring mail         |       |       |     4 |       ||     4
       Skin              |       |       |       |     7 ||     7
       Leather armour    |       |       |       |     3 ||     3
Dodge: Dodged            |    17 |    14 |    73 |   125 ||   229
Block: Buckler           |       |     4 |    37 |   144 ||   185
